Map: Eternal Empire LE

Players

ElDemente - Winner!

  • Race: Protoss Protoss
  • League: Gold
  • Spawn Location: 7:00

Ratl

  • Race: Protoss Protoss
  • League: Silver
  • Spawn Location: 1:00

VOD

Have the link to the VOD?

Description

Time

  • Played on: Feb. 11, 2020, 7:51 p.m.
  • Length: 12:20
Show
View Real Time Build Order
Export as new Build Order

ElDemente Protoss - Winner!

Build Orders: 1 Gate Expand, Chargelot Immortal 

Get SALT Encoding   

  12  0:01  Probe (Chrono Boost)  
  13  0:10  Probe (Chrono Boost)  
  14  0:15  Probe (Chrono Boost)  
  15  0:28  Pylon  
  15  0:46  Probe  
  16  0:51  Gateway  
  16  0:55  Assimilator  
  16  0:58  Probe  
  17  1:10  Probe  
  17  1:22  Probe  
  18  1:31  Nexus  
  18  1:34  Probe  
  19  1:46  Probe  
  20  1:48  Cybernetics Core  
  20  1:58  Probe  
  21  2:08  Zealot  
  21  2:14  Assimilator  
  23  2:19  Warp Gate (Chrono Boost)  
  23  2:20  Pylon  
  23  2:38  Probe  
  24  2:46  Probe  
  24  2:50  Probe  
  26  2:51  Twilight Council  
  26  2:59  Probe  
  26  3:00  Gateway  
  26  3:01  Gateway  
  26  3:02  Probe  
  28  3:11  Probe  
  29  3:14  Probe  
  30  3:23  Probe  
  30  3:26  Probe, Pylon  
  30  3:27  Charge (Chrono Boost)  
  32  3:35  Probe  
  32  3:38  Probe  
  34  3:44  Forge  
  34  3:47  Probe  
  35  3:50  Probe  
  36  3:59  Probe, Zealot x2  
  41  4:03  Probe  
  41  4:09  Assimilator  
  42  4:11  Probe, Assimilator  
  42  4:13  Protoss Ground Weapons Level 1 (Chrono Boost)  
  42  4:15  Probe  
  44  4:23  Probe  
  45  4:27  Probe  
  46  4:33  Stalker x2  
  46  4:35  Probe  
  51  4:39  Probe  
  52  4:46  Pylon  
  52  4:47  Probe  
  52  4:51  Probe  
  54  5:04  Probe x2  
  54  5:05  Stalker  
  54  5:06  Stalker x2  
  62  5:25  Probe x2  
  62  5:31  Pylon, Blink (Chrono Boost)  
  62  5:35  Pylon  
  62  5:36  Nexus  
  62  5:49  Probe x2  
  64  5:53  Zealot x2  
  64  5:54  Zealot  
  70  6:01  Probe x2  
  72  6:13  Probe x2  
  72  6:15  Zealot x2  
  78  6:19  Pylon  
  78  6:23  Pylon  
  78  6:37  Probe x2  
  80  6:49  Probe x2, Robotics Facility  
  80  6:52  Dark Shrine  
  82  7:02  Probe x2  
  78  7:14  Probe x2  
  68  7:26  Probe x2  
  68  7:33  Probe  
  69  7:37  Assimilator  
  69  7:38  Probe x2  
  69  7:41  Assimilator  
  71  7:45  Probe  
  71  7:50  Probe x2  
  74  7:51  Zealot x3  
  74  7:52  Nexus  
  74  7:54  Immortal (Chrono Boost)  
  74  7:55  Pylon  
  74  7:57  Probe  
  74  7:58  Pylon  
  85  8:02  Probe x2, Pylon  
  87  8:07  Pylon  
  87  8:09  Probe, Gateway  
  87  8:10  Protoss Ground Weapons Level 2 (Chrono Boost)  
  87  8:12  Gateway x2  
  88  8:14  Gateway  
  88  8:15  Gateway x2  
  88  8:18  Gateway  
  88  8:19  Gateway  
  88  8:27  Immortal (Chrono Boost)  
  92  8:47  Zealot x3  
  98  8:59  Robotics Facility  
  98  9:00  Pylon  
  96  9:05  Pylon  
  97  9:10  Probe x4  
  97  9:13  Assimilator  
  97  9:15  Assimilator  
  97  9:16  Gateway  
  100  9:18  Gateway x2  
  100  9:19  Gateway  
  100  9:21  Zealot x8  
  100  9:22  Probe x4, Zealot x3  
  126  9:42  Stalker x3  
  126  9:43  Stalker x2  
  136  9:46  Sentry x2  
  136  9:47  Sentry x3  
  146  9:55  Immortal x2 (Chrono Boost)  
  154  10:03  Zealot  
  156  10:19  Pylon  
  156  10:25  Pylon  
  156  10:27  Immortal x2  
  164  10:28  Pylon  
  164  10:34  Zealot x4  
  164  10:35  Pylon  
  172  10:41  Zealot x4  
  180  10:46  Zealot x2  
  180  10:47  Zealot x4  
Show
View Real Time Build Order
Export as new Build Order

Ratl Protoss 

Build Orders:  

Get SALT Encoding   

  12  0:03  Probe  
  13  0:15  Probe  
  13  0:19  Pylon  
  14  0:27  Probe  
  15  0:42  Gateway  
  15  0:45  Probe  
  17  0:57  Probe, Assimilator  
  17  1:09  Probe  
  18  1:21  Probe  
  19  1:32  Gateway  
  19  1:33  Probe  
  19  1:35  Cybernetics Core  
  19  1:45  Probe (Chrono Boost)  
  20  1:49  Assimilator  
  20  1:56  Pylon  
  20  1:57  Probe (Chrono Boost)  
  21  2:02  Probe (Chrono Boost)  
  22  2:11  Probe  
  22  2:13  Warp Gate  
  22  2:14  Stalker  
  25  2:19  Stalker  
  27  2:23  Probe  
  28  2:36  Probe  
  29  2:48  Probe  
  30  2:58  Pylon  
  30  3:00  Nexus  
  30  3:01  Probe  
  31  3:16  Probe, Stalker  
  34  3:20  Pylon  
  34  3:23  Stalker  
  36  3:28  Probe  
  37  3:40  Probe (Chrono Boost), Pylon  
  38  3:50  Probe (Chrono Boost)  
  39  3:55  Probe (Chrono Boost)  
  39  4:01  Robotics Facility  
  40  4:09  Stalker  
  43  4:10  Probe (Chrono Boost)  
  43  4:12  Probe (Chrono Boost)  
  44  4:17  Assimilator  
  44  4:21  Probe (Chrono Boost)  
  44  4:23  Probe (Chrono Boost)  
  46  4:26  Probe (Chrono Boost)  
  46  4:31  Probe, Stalker  
  48  4:37  Stalker  
  52  4:38  Probe  
  52  4:41  Pylon  
  52  4:43  Probe  
  54  4:50  Probe  
  55  4:54  Nexus  
  55  5:01  Pylon  
  55  5:02  Probe x2  
  57  5:13  Observer  
  58  5:14  Probe (Chrono Boost)  
  58  5:15  Probe (Chrono Boost)  
  58  5:19  Assimilator  
  60  5:26  Probe (Chrono Boost)  
  60  5:27  Probe (Chrono Boost), Stalker  
  60  5:28  Stalker  
  66  5:32  Probe (Chrono Boost)  
  66  5:33  Probe (Chrono Boost)  
  68  5:40  Probe, Immortal  
  68  5:41  Probe  
  74  5:53  Probe x2 (Chrono Boost)  
  76  6:02  Twilight Council  
  76  6:04  Probe x2 (Chrono Boost)  
  78  6:06  Gateway  
  78  6:09  Probe (Chrono Boost), Gateway  
  78  6:10  Gateway  
  78  6:11  Probe  
  78  6:12  Probe (Chrono Boost)  
  78  6:13  Pylon  
  81  6:22  Probe (Chrono Boost)  
  81  6:24  Probe (Chrono Boost)  
  81  6:25  Probe (Chrono Boost), Pylon  
  84  6:27  Immortal  
  84  6:32  Probe (Chrono Boost)  
  89  6:35  Assimilator  
  89  6:41  Assimilator  
  90  6:47  Probe x3, Pylon, Nexus  
  92  6:59  Probe x3, Stalker x2  
  95  7:08  Stalker  
  95  7:09  Stalker x2  
  91  7:30  Probe x3  
  94  7:42  Probe (Chrono Boost)  
  94  7:43  Probe x2 (Chrono Boost)  
  97  7:54  Probe (Chrono Boost)  
  100  7:59  Gateway x2  
  100  8:00  Probe x2 (Chrono Boost)  
  100  8:01  Gateway  
  100  8:02  Probe (Chrono Boost)  
  100  8:03  Forge, Twilight Council  
  101  8:06  Probe (Chrono Boost)  
  101  8:07  Forge x2  
  101  8:09  Immortal  
  101  8:11  Gateway  
  101  8:12  Gateway  
  106  8:17  Robotics Facility  
  106  8:20  Robotics Facility  
  106  8:26  Stalker  
  106  8:27  Stalker x4  
  116  8:49  Nexus  
  116  8:52  Pylon  
  115  9:04  Protoss Shields Level 1 (Chrono Boost), Protoss Ground Armor Level 1 (Chrono Boost)  
  115  9:05  Protoss Ground Weapons Level 1 (Chrono Boost)  
  115  9:07  Assimilator  
  115  9:11  Assimilator  
  115  9:17  Probe  
  115  9:18  Probe x3  
  119  9:30  Probe x2, Immortal  
  125  9:32  Immortal x2  
  125  9:36  Stalker x5  
  125  9:37  Stalker x2  
  147  9:46  Pylon  
  147  9:50  Pylon  
  147  9:51  Pylon  
  147  9:55  Pylon x2  
  147  9:59  Photon Cannon x2, Templar Archives  
  147  10:01  Photon Cannon  
  147  10:02  Photon Cannon  
  147  10:06  Photon Cannon  
  147  10:07  Photon Cannon  
  147  10:10  Photon Cannon  
  147  10:13  Photon Cannon  
  147  10:15  Immortal  
  147  10:16  Immortal x2  
  159  10:36  Photon Cannon  
  159  10:38  Photon Cannon  
  159  10:42  Unknown  
  159  10:49  High Templar x5  
  169  10:50  High Templar x4  
  169  10:53  Archon  
  169  10:54  Archon x3  
  169  10:56  High Templar  
  179  11:00  Archon  
  179  11:09  Probe  
  180  11:30  Probe (Chrono Boost)  
  176  11:33  Probe (Chrono Boost)  
  176  11:35  Probe x2 (Chrono Boost)  
  152  11:40  Probe (Chrono Boost)  
  152  11:41  Stalker x4  
  152  11:42  Stalker x3  
  152  11:43  Probe (Chrono Boost)  
  152  11:44  Probe x2 (Chrono Boost)  
  121  11:53  Probe  
  105  11:54  Probe  
  105  11:58  Probe x2  
  105  12:00  Stalker x3  
  98  12:05  Probe  
  98  12:06  Probe  
Tags
 
Add a new tag
Caveats
  • Supply blocks, unpowered buildings, or Contaminate may cause inaccurate times.
  • Supply counts are checked every 10 seconds.